 Dungeon Crawl Stone Soup version 0.29.0-4-gdea44cf6ec (webtiles) character file.

Game seed: 2717914558692465646

3496 night the Destroyer (level 9, -3/62 HPs)
             Began as a Green Draconian Conjurer on Aug 26, 2022.
             Was an Initiate of Gozag.
             Slain by a yak (12 damage)
             ... on level 9 of the Dungeon on Aug 27, 2022.
             The game lasted 00:23:14 (10590 turns).

night the Destroyer (Green Draconian Conjurer)     Turns: 10590, Time: 00:23:15

Health: -3/62      AC: 12    Str: 10    XL:     9   Next: 80%
Magic:  4/22       EV: 12    Int: 23    God:    Gozag
Gold:   291        SH:  0    Dex:  9    Spells: 16/26 levels left

rFire   . . .      SeeInvis +   H - +2 war axe (freeze)
rCold   . . .      Faith    .   (no shield)
rNeg    . . .      Spirit   .   (body armour unavailable)
rPois   +          Reflect  .   (helmet restricted)
rElec   .          Harm     .   v - +0 cloak
rCorr   .          Rampage  .   E - +2 pair of gloves
Will    .....                   w - +0 pair of boots
Stlth   ++........              (no amulet)
HPRegen 0.20/turn               f - ring of see invisible
MPRegen 0.18/turn               m - ring of wizardry

@: gold aura
A: breathe noxious fumes, AC +7, unfitting armour, poison resistance,
cold-blooded
a: Breathe Noxious Fumes, Renounce Religion, Potion Petition, Call Merchant,
Bribe Branch


You were on level 9 of the Dungeon.
You worshipped Gozag.
Gozag was aware of your devotion.
You visited 2 branches of the dungeon, and saw 10 of its levels.

You collected 868 gold pieces.
You spent 529 gold pieces at shops.
You paid 48 gold pieces to Gozag.

Inventory:

Hand Weapons
 b - a +1 vorpal rapier
 s - a +2 dagger of holy wrath
 t - a +0 morningstar
 H - a +2 war axe of freezing (weapon)
Missiles
 e - 61 stones
 j - 7 boomerangs
 q - 18 poisoned darts
Armour
 v - a +0 cloak (worn)
 w - a +0 pair of boots (worn)
 E - a +2 pair of gloves (worn)
Jewellery
 f - a ring of see invisible (left hand)
 k - a ring of positive energy
 m - a ring of wizardry (right hand)
 o - a +6 ring of dexterity
 u - a +6 ring of intelligence
 y - a +4 ring of slaying
 F - a ring of willpower
Scrolls
 a - a scroll of teleportation
 c - 5 scrolls of blinking
 g - a scroll of magic mapping
 n - 10 scrolls of identify
 A - 2 scrolls of brand weapon
 G - a scroll of enchant weapon
Potions
 h - a potion of mutation {unknown}
 i - 2 potions of lignification {unknown}
 l - 3 potions of haste {unknown}
 p - a potion of flight
 r - 3 potions of curing {unknown}
 x - a potion of resistance {unknown}
 z - a potion of ambrosia {unknown}
 B - a potion of degeneration {unknown}
 C - 2 potions of invisibility {unknown}
 D - a potion of attraction {unknown}


   Skills:
 - Level 1.7 Dodging
 - Level 1.7 Stealth
 + Level 9.4 Spellcasting
 + Level 10.8 Conjurations


You had 16 spell levels left.
You knew the following spells:

 Your Spells              Type           Power      Damage    Failure   Level
a - Magic Dart            Conj           100%       1d8       1%          1
b - Searing Ray           Conj           100%       2d8       1%          2
c - Iskenderun's Mystic   Conj/Tloc      35%        2d8       2%          4
d - Mephitic Cloud        Conj/Pois/Air  27%        N/A       1%          3

Your spell library contained the following spells:

 Spells                   Type           Power      Damage    Failure   Level
 Dazzling Flash           Conj/Hex       70%        N/A       1%          3
 Apportation              Tloc           20%        N/A       2%          1
 Necrotise                Necr           40%        1d6       2%          1
 Summon Small Mammal      Summ           40%        N/A       2%          1
 Fulminant Prism          Conj/Hex       17%        3d11      2%          4
 Hailstorm                Conj/Ice       35%        3d9       2%          4
 Call Imp                 Summ           10%        N/A       3%          2
 Ignite Poison            Fire/Tmut/Pois 10%        N/A       8%          3
 Lightning Bolt           Conj/Air       17%        1d32      8%          5
 Freezing Cloud           Conj/Ice/Air   13%        6-21      16%         5
 Airstrike                Air            5%         2d(1-17)  24%         4
 Ice Form                 Ice/Tmut       10%        N/A       24%         4
 Summon Lightning Spire   Summ/Air       10%        N/A       24%         4
 Simulacrum               Ice/Necr       Unusable   N/A       N/A         6

Dungeon Overview and Level Annotations

Branches:
Dungeon (9/15)             Temple (1/1) D:4
   Lair: D:8-11         Orc: D:9-12

Altars:
Ashenzari
Cheibriados
Dithmenos
Fedhas
Gozag
Hepliaklqana
Kikubaaqudgha
Makhleb
Nemelex Xobeh
Okawaru
Qazlal
Ru
Sif Muna
Trog
Uskayaw
Vehumet
Wu Jian
Xom
Zin
The Shining One

Shops:
D:5 (=**![[   D:7 ?*

Annotations:
D:4 Edmund
D:5 2 transporters, codl's ghost, amateur GrFi


Innate Abilities, Weirdness & Mutations

You can breathe blasts of noxious fumes.
Your lurid green scales are hard. (AC +7)
You cannot fit into any form of body armour.
Your system is resistant to poisons. (rPois)
You are cold-blooded and may be slowed by cold attacks.


Message History

The yak gores you! The yak gores you. The yak gores you!
The yak gores you but does no damage.
Casting: Iskenderun's Mystic Blast (dangerous; 2% risk of failure)
Confirm with . or Enter, or press ? or * to list all spells.
You erupt in a blast of force!
The mystic blast hits the yak but does no damage.
The yak is almost dead.
The mystic blast hits the yak!
The yak is almost dead.
The yak is knocked back by the mystic blast.
The yak slams into the rock wall!
The yak is almost dead.
The mystic blast hits the yak!
The yak is almost dead.
The yak is knocked back by the mystic blast.
The yak gores you but does no damage.
Unknown command.
You hit the yak. You freeze the yak.
The yak is almost dead.
You hit the yak but do no damage. The yak gores you but does no damage.
The yak misses you. The yak gores you.
You slash the yak! You freeze the yak.
You kill the yak!
You hit the yak but do no damage. You barely miss the yak.
The yak gores you but does no damage. x2; The yak gores you! x2
Your magical contamination has completely faded away.
You hit the yak but do no damage.
The yak is almost dead.
You hit the yak. You freeze the yak.
You kill the yak!
The yak is distracted by your dazzling golden aura.
You catch the helpless yak completely off-guard!
You hit the yak. You freeze the yak.
The yak is no longer distracted by gold.
The yak is almost dead.
The yak gores you!
* * * LOW HITPOINT WARNING * * *
The yak gores you!
You die...
Your body crumbles into a pile of gold.

#...# #...# # #...# .#
####...# ..#
......###...#
#..........#
#...Y$.....#
#...@$.....#
#...###....# #...# ..#
...####...# #
#.........# ....#
..######..# ....#
#....#..# ....#
########....#..###....#
#...........#.........#


You could see a yak.

Vanquished Creatures
  An unseen horror (D:8)
  2 wyverns
  2 yaks (D:9)
  A water moccasin (D:7)
  2 ice beasts (D:7)
  4 centaurs
  An ogre (D:5)
  2 phantoms (D:5)
  A bullfrog (D:8)
  2 necrophages (D:6)
  2 scorpions
  13 wights
  2 jellies (D:6)
  4 killer bees
  4 hounds
  4 orc priests
  2 iguanas
  3 orc wizards
  10 adders
  A shadow imp (D:4)
  3 worms
  2 dart slugs
  16 orcs
  4 ball pythons
  3 bats
  9 endoplasms
  3 giant cockroaches
  2 goblins (D:2)
  10 hobgoblins
  7 kobolds
  5 quokkas
  3 frilled lizards
  2 rats
132 creatures vanquished.

Vanquished Creatures (others)
  An electric eel (D:8)
1 creature vanquished.

Grand Total: 133 creatures vanquished

Notes
Turn   | Place    | Note
-------+----------+-------------------------------------------
     0 | D:1      | night the Draconian Conjurer began the quest for the Orb.
     0 | D:1      | Reached XP level 1. HP: 14/14 MP: 3/3
   288 | D:1      | Reached XP level 2. HP: 20/20 MP: 3/5
   341 | D:1      | Learned a level 2 spell: Searing Ray
   894 | D:2      | Found an iron altar of Okawaru.
  1058 | D:2      | Reached XP level 3. HP: 26/26 MP: 4/7
  1981 | D:3      | Reached XP level 4. HP: 33/33 MP: 5/8
  2024 | D:3      | Learned a level 4 spell: Iskenderun's Mystic Blast
  2041 | D:3      | Identified the +2 robe of the Present {-Tele Int+7}
  2417 | D:3      | Reached skill level 5 in Conjurations
  2706 | D:3      | Found an ancient bone altar of Kikubaaqudgha.
  2927 | D:4      | Identified the +7 ring mail of the Butcher {Int+5}
  2934 | D:4      | Reached XP level 5. HP: 38/38 MP: 3/10
  3056 | D:4      | Found a broken altar of Ashenzari.
  3126 | D:4      | Found a staircase to the Ecumenical Temple.
  3148 | Temple   | Entered the Ecumenical Temple
  3419 | Temple   | Became a worshipper of Gozag Ym Sagoz the Greedy
  3454 | D:4      | Found a stormy altar of Qazlal.
  3691 | D:4      | Noticed Edmund
  4142 | D:4      | Learned a level 3 spell: Mephitic Cloud
  4339 | D:5      | Entered Level 5 of the Dungeon
  4662 | D:5      | Noticed a phantom
  4680 | D:5      | Killed a phantom
  4681 | D:5      | Reached skill level 6 in Conjurations
  4681 | D:5      | Reached XP level 6. HP: 37/45 MP: 0/12
  4971 | D:5      | Found Zeshiduta's Antique Armour Shop.
  4980 | D:5      | Bought a cloak for 126 gold pieces
  4980 | D:5      | Bought a pair of boots for 126 gold pieces
  5020 | D:5      | Found Widere's Weapon Shop.
  5021 | D:5      | Found Ophapuxo's Jewellery Boutique.
  5023 | D:5      | Found Odemnesh's General Store.
  5023 | D:5      | Found Qehaox's Distillery.
  5024 | D:5      | Found Rosukecs's Antique Armour Shoppe.
  5024 | D:5      | Found Coaf's General Store.
  5226 | D:5      | Reached skill level 5 in Spellcasting
  5241 | D:5      | Your scales start taking on a lurid green colour.
  5241 | D:5      | Reached XP level 7. HP: 46/50 MP: 6/14
  5241 | D:5      | Gained mutation: Your system is resistant to poisons.
                  | (rPois) [Green Draconian growth]
  5369 | D:5      | Found a transporter.
  5371 | D:5      | Noticed codl's ghost (amateur GrFi)
  5377 | D:5      | Found a transporter.
  5377 | D:5      | Identified the +8 great mace of Famine {spect, Fragile rF+
                  | Int+5}
  5483 | D:6      | Found a glowing golden altar of the Shining One.
  5653 | D:6      | Found a radiant altar of Vehumet.
  5662 | D:6      | Reached skill level 7 in Conjurations
  6052 | D:6      | Reached XP level 8. HP: 49/57 MP: 17/17
  6442 | D:7      | Reached skill level 8 in Conjurations
  6646 | D:7      | HP: 4/57 [centaur/arrow (11)]
  6903 | D:7      | Found Rynny's Gadget Gallery.
  7017 | D:7      | Found a bloodstained altar of Trog.
  7207 | D:5      | Bought a pair of runed gloves for 172 gold pieces
  7456 | D:7      | Found Opocob's Magic Scroll Boutique.
  7736 | D:7      | Bought a scroll of blinking for 105 gold pieces
  8042 | D:8      | Noticed an unseen horror
  8045 | D:8      | HP: 6/57 [unseen horror (4)]
  8045 | D:8      | HP: 1/57 [unseen horror (5)]
  8367 | D:8      | Reached skill level 9 in Conjurations
  8639 | D:8      | Killed an unseen horror
  8640 | D:8      | Reached XP level 9. HP: 61/62 MP: 0/21
  9235 | D:8      | Reached skill level 10 in Conjurations
  9598 | D:8      | Found a hazy altar of Hepliaklqana.
  9601 | D:8      | Found an ornate altar of the Wu Jian Council.
  9609 | D:8      | HP: 5/62 [electric eel/bolt of electricity (9)]
 10001 | D:8      | Found a shimmering altar of Xom.
 10304 | D:9      | Found a shadowy altar of Dithmenos.
 10590 | D:9      | HP: 9/62 [yak (11)]
 10590 | D:9      | Slain by a yak

Illustrated notes

Levels and vault maps discovered:
D:1:      lightli_arrival_noodles, layout_rooms
D:2:      layout_loops_cross, basic_altar
D:3:      layout_loops_ring, general_overflow_altar, minmay_liquid_box,
          minmay_misc_feat_doors, kennysheep_generic_room_13
D:4:      layout_loops_ring, ashenzari_conservatory_becter,
          kennysheep_mini_moat, minmay_temple_entry_offerings, uniq_edmund
D:5:      layout_rooms, gammafunk_ghost_smash, serial_shops, shop,
          nicolae_wooded_promenade
D:6:      layout_basic, mainiacjoe_overflow_small_starburst, old_standard_altar
D:7:      layout_basic, mainiacjoe_overflow_surrounded_room, serial_shops, shop,
          enter_ossuary_2, nicolae_shop_gadgets
D:8:      minmay_klotski, layout_cave_pools, lemuel_coloured_pillars_altar,
          nicolae_overflow_squiral
D:9:      layout_stronghold, nicolae_dithmenos_through_a_glass_darkly,
          minmay_evil_grid, uniq_pikel, uniq_psyche
Temple:   dpeg_chambers_temple

Skill      XL: |  1  2  3  4  5  6  7  8  9 |
---------------+----------------------------+-----
Spellcasting   | 3 4 5 6 8 9 |  9.4
Conjurations   | 5 6 7 9 10 | 10.8
Dodging        | |  1.7
Stealth        | |  1.7

Action                   |  1- 3 |  4- 6 |  7- 9 || total
-------------------------+-------+-------+-------++-------
Melee: Rapier            |    10 |    46 |    90 ||   146
       Tailslap          |       |     5 |    14 ||    19
       Punch             |       |     1 |     3 ||     4
       Great sword       |       |       |    16 ||    16
       War axe           |       |       |     7 ||     7
 Cast: Magic Dart        |    74 |    91 |    71 ||   236
       Searing Ray       |     2 |    12 |    12 ||    26
       Mephitic Cloud    |       |     1 |     1 ||     2
       Iskenderun's Myst |       |       |    44 ||    44
 Abil: Breathe Noxious F |       |       |     7 ||     7
  Use: Scroll            |     4 |     4 |     3 ||    11
       Potion            |       |     1 |     3 ||     4
 Stab: Sleeping          |       |       |     4 ||     4
       Confused          |       |       |     3 ||     3
       Distracted        |       |       |     1 ||     1
Armor: Skin              |     2 |    25 |    90 ||   117
Dodge: Dodged            |    16 |    39 |   120 ||   175
